 Dungeon Crawl Stone Soup version 0.31-a0-771-g505c3d19dc (console) character file.

Game seed: 6556226807148073846

1624623 questionabletactics the Shapeless Draconian (level 27, 258/258 HPs)
             Began as a Yellow Draconian Shapeshifter on Sept 16, 2023.
             Was the Champion of Wu Jian.
             Escaped with the Orb
             ... and 3 runes!
             The game lasted 03:39:26 (75740 turns).

questionabletactics the Shapeless Draconian (DrSh) Turns: 75740, Time: 03:39:27

Health: 258/258    AC: 18    Str: 33    XL:     27
Magic:  23/23      EV: 34    Int: 10    God:    Wu Jian [******]
Gold:   5368       SH: 14    Dex: 25    Spells: 26/26 levels left

rFire   + +          .
                       - Unarmed
rCold   + + .        G - +0 kite shield {reflect}
rNeg    + + .        (body armour unavailable)
rPois   +            l - -2 hat of the Alchemist {rElec rPois rF+ rC+ rN+ Will+ rMut rCorr}
rElec   +            N - scarf {shadows}
rCorr   +            m - +3 pair of gauntlets of War {Slay+5}
SInv    +            V - +2 pair of boots
Will    +++..        r - macabre finger necklace {Finger+ rN+}
Stlth   ++           s - ring of protection from fire
HPRegen 0.63/turn    x - ring of Gecez {rPois Str+9 SInv}
MPRegen 0.18/turn    Z - ring of Kanamio {rC+ rCorr Str+7}

%: reflection, resist mutation
@: maw-form, studying 3 skills
A: devouring maw, spit acid, AC +13, unfitting armour, acidic bite,
cold-blooded, acid resistance
0: Orb of Zot
}: 3/15 runes: decaying, silver, gossamer
a: Breathe Acid, Begin Untransformation, Renounce Religion, Wall Jump, Serpent's
Lash, Heavenly Storm


You escaped.
You worshipped Wu Jian.
Wu Jian was exalted by your worship.
You were a creature with a mouth for a stomach.
You visited 11 branches of the dungeon, and saw 51 of its levels.
You visited the Abyss 2 times.
You visited 1 bazaar.
You also visited: Bailey, Ice Cave, Volcano and Wizlab.

You collected 9680 gold pieces.
You spent 4312 gold pieces at shops.

Inventory:

Missiles
 E - 20 curare-tipped darts (quivered)
 S - a throwing net
Armour
 l - the -2 hat of the Alchemist (worn) {rElec rPois rF+ rC+ rN+ Will+ rMut rCorr}
   (You found it on level 3 of the Crypt)

   rF+:       It protects you from fire.
   rC+:       It protects you from cold.
   rElec:     It insulates you from electricity.
   rPois:     It protects you from poison rN+: It protects you from negative
   energy.
   Will+:     It increases your willpower.
   rCorr:     It protects you from acid and corrosion.
   rMut:      It protects you from mutation.
 m - the +3 pair of gauntlets of War (worn) {Slay+5}
   (You found it on level 4 of the Spider Nest)

   Slay+5:    It affects your accuracy & damage with ranged weapons and melee
   (+5).
 G - a +0 kite shield of reflection (worn)
 K - a +2 hat
 N - a scarf of shadows (worn)
 V - a +2 pair of boots (worn)
Jewellery
 a - the ring of Zacvauw {rN+ rCorr Str+6 Dex-5 SInv}
   (You took it off a deep elf zephyrmancer on level 3 of the Elven Halls)

   [ring of strength]

   Str+6:     It affects your strength (+6).
   Dex-5:     It affects your dexterity (-5).
   rN+:       It protects you from negative energy.
   SInv:      It lets you see invisible.
   rCorr:     It protects you from acid and corrosion.
 b - an amulet of reflection
 q - the amulet of Thoughtfulness {RegenMP rN+ Will+ Slay+2}
   (You found it on level 2 of the Depths)

   [amulet of magic regeneration]

   RegenMP:   It increases your rate of magic regeneration.
   Slay+2:    It affects your accuracy & damage with ranged weapons and melee
   (+2).
   rN+:       It protects you from negative energy.
   Will+:     It increases your willpower.
 r - the macabre finger necklace (around neck) {Finger+ rN+}
   (You found it on level 2 of the Depths)

   [amulet of nothing]

   Finger+:   It enables you to equip an extra ring.
   rN+:       It protects you from negative energy.
 s - a ring of protection from fire (left hand)
 x - the ring of Gecez (right hand) {rPois Str+9 SInv}
   (You found it on level 8 of the Dungeon)

   [ring of poison resistance]

   Str+9:     It affects your strength (+9).
   rPois:     It protects you from poison SInv: It lets you see invisible.
 z - the ring of Nunicsag {Fly Int+4 Dex+3 SInv}
   (You found it on level 2 of the Depths)

   [ring of flight]

   Int+4:     It affects your intelligence (+4).
   Dex+3:     It affects your dexterity (+3).
   SInv:      It lets you see invisible.
   Fly:       It grants you flight.
 D - the amulet "Olugouto" {Regen+ Dex+3 Stlth+}
   (You found it on level 3 of the Crypt)

   [amulet of regeneration]

   Dex+3:     It affects your dexterity (+3).
   Regen+:    It increases your rate of health regeneration.
   Stlth+:    It makes you more stealthy.
 I - a +6 ring of dexterity
 J - a ring of willpower
 X - the ring "Ohoemiod" {Ice rElec Will+ Int+2 Stlth-}
   (You found it in a wizard's laboratory)

   [ring of ice]

   Ice:       It enhances your ice magic.
   Int+2:     It affects your intelligence (+2).
   rF-:       It makes you vulnerable to fire.
   rC+:       It protects you from cold.
   rElec:     It insulates you from electricity.
   Will+:     It increases your willpower.
   Stlth-:    It makes you less stealthy.
 Y - the ring "Nesudwyx" {Will+ Int+2 Slay+4}
   (You acquired it on level 4 of the Realm of Zot)

   [ring of slaying]

   Int+2:     It affects your intelligence (+2).
   Slay+4:    It affects your accuracy & damage with ranged weapons and melee
   (+4).
   Will+:     It increases your willpower.
 Z - the ring of Kanamio (on amulet) {rC+ rCorr Str+7}
   (You found it in a wizard's laboratory)

   [ring of protection from cold]

   Str+7:     It affects your strength (+7).
   rC+:       It protects you from cold.
   rCorr:     It protects you from acid and corrosion.
Talismans
 i - a granite talisman
 u - a blade talisman
 P - a maw talisman (active)
 W - a dragon-blood talisman
Wands
 c - a wand of charming (48)
 y - a wand of iceblast (20)
 B - a wand of digging (44)
 O - a wand of polymorph (23)
 Q - a wand of mindburst (48)
 R - a wand of flame (214)
 U - a wand of acid (23)
Scrolls
 f - 3 scrolls of fog
 g - a scroll of revelation
 h - 5 scrolls of vulnerability
 j - 7 scrolls of blinking
 o - 4 scrolls of silence
 t - 18 scrolls of teleportation
 C - 8 scrolls of fear
 F - 4 scrolls of summoning
Potions
 d - 7 potions of heal wounds
 e - 9 potions of mutation
 k - 10 potions of haste
 n - 4 potions of enlightenment
 p - 5 potions of resistance
 v - 13 potions of curing
 w - a potion of invisibility
 A - 11 potions of might
 H - 4 potions of magic
 L - 4 potions of cancellation
 M - 18 potions of ambrosia
 T - 4 potions of berserk rage


   Skills:
 + Level 23.3 Fighting
 - Level 23.6 Dodging
 - Level 6.2 Stealth
 - Level 12.2 Shields
 - Level 22.6 Unarmed Combat
 - Level 8.6 Evocations
 O Level 27 Shapeshifting


You had 26 spell levels left.
You didn't know any spells.
Your spell library contained the following spells:

 Spells                   Type           Power      Damage    Failure   Level
 Apportation              Tloc           0%         N/A       47%         1
 Foxfire                  Conj/Fire      0%         2x1d4     47%         1
 Necrotise                Necr           0%         1d4       47%         1
 Sandblast                Erth           0%         2d4       47%         1
 Shock                    Conj/Air       0%         1d3       47%         1
 Slow                     Hex            0%         N/A       47%         1
 Sting                    Tmut/Pois      0%         1d3       47%         1
 Summon Small Mammal      Summ           0%         N/A       47%         1
 Blink                    Tloc           0%         N/A       63%         2
 Cigotuvi's Dreadful Rot  Necr/Pois/Air  0%         N/A       63%         2
 Ensorcelled Hibernation  Hex/Ice        0%         N/A       63%         2
 Jinxbite                 Hex            0%         N/A       63%         2
 Momentum Strike          Conj/Tloc      0%         3d8       63%         2
 Passwall                 Tmut/Erth      0%         N/A       63%         2
 Poisonous Vapours        Pois/Air       0%         N/A       63%         2
 Scorch                   Fire           0%         2d5       63%         2
 Static Discharge         Conj/Air       0%         2-2/arc   63%         2
 Sublimation of Blood     Necr           0%         N/A       63%         2
 Wereblood                Tmut           0%         N/A       63%         2
 Call Canine Familiar     Summ           0%         N/A       85%         3
 Dazzling Flash           Conj/Hex       0%         N/A       85%         3
 Hailstorm                Conj/Ice       0%         3d3       85%         3
 Ignite Poison            Fire/Tmut/Pois 0%         N/A       85%         3
 Inner Flame              Hex/Fire       0%         N/A       85%         3
 Mephitic Cloud           Conj/Pois/Air  0%         N/A       85%         3
 Ozocubu's Armour         Ice            0%         N/A       85%         3
 Sigil of Binding         Hex            0%         N/A       85%         3
 Stone Arrow              Conj/Erth      0%         3d7       85%         3
 Summon Guardian Golem    Hex/Summ       0%         N/A       85%         3
 Swiftness                Air            0%         N/A       85%         3
 Vampiric Draining        Necr           0%         2d6       85%         3
 Airstrike                Air            0%         2d(0-16)  99%         4
 Anguish                  Hex/Necr       0%         N/A       99%         4
 Animate Dead             Necr           0%         N/A       99%         4
 Brom's Barrelling Bould  Conj/Erth      0%         2d3       99%         4
 Cause Fear               Hex            0%         N/A       99%         4
 Dimensional Bullseye     Hex/Tloc       0%         N/A       99%         4
 Flame Wave               Conj/Fire      0%         2d4       99%         4
 Leda's Liquefaction      Hex/Erth       0%         N/A       99%         4
 Manifold Assault         Tloc           0%         N/A       99%         4
 Olgreb's Toxic Radiance  Pois           0%         N/A       99%         4
 Petrify                  Tmut/Erth      0%         N/A       99%         4
 Sticky Flame             Conj/Fire      0%         2d3       99%         4
 Summon Ice Beast         Ice/Summ       0%         N/A       99%         4
 Summon Lightning Spire   Summ/Air       0%         N/A       99%         4
 Agony                    Necr           0%         N/A       100%        5
 Alistair's Intoxication  Tmut/Pois      0%         N/A       100%        5
 Borgnjor's Vile Clutch   Necr/Erth      0%         N/A       100%        5
 Fireball                 Conj/Fire      0%         3d3       100%        5
 Freezing Cloud           Conj/Ice/Air   0%         6-21      100%        5
 Irradiate                Conj/Tmut      0%         3d11      100%        5
 Iskenderun's Battlesphe  Conj           0%         2d6       100%        5
 Lee's Rapid Deconstruct  Erth           0%         3d4*      100%        5
 Metabolic Englaciation   Hex/Ice        0%         N/A       100%        5
 Silence                  Hex/Air        0%         N/A       100%        5
 Summon Forest            Summ/Tloc      0%         N/A       100%        5
 Summon Mana Viper        Hex/Summ       0%         N/A       100%        5
 Yara's Violent Unravell  Hex/Tmut       0%         3d3       100%        5
 Conjure Ball Lightning   Conj/Air       0%         3x3d6     100%        6
 Death Channel            Necr           0%         N/A       100%        6
 Dispersal                Tloc           0%         N/A       100%        6
 Eringya's Noxious Bog    Tmut/Pois      0%         4d6       100%        6
 Plasma Beam              Fire/Air       0%         2x1d10    100%        6
 Simulacrum               Ice/Necr       0%         N/A       100%        6
 Starburst                Conj/Fire      0%         6d3       100%        6
 Summon Cactus Giant      Summ           0%         N/A       100%        6
 Enfeeble                 Hex            0%         N/A       100%        7
 Haunt                    Necr/Summ      0%         N/A       100%        7
 Orb of Destruction       Conj           0%         9d5       100%        7
 Ozocubu's Refrigeration  Ice            0%         4d7       100%        7
 Spellforged Servitor     Conj/Summ      0%         N/A       100%        7
 Summon Hydra             Summ           0%         N/A       100%        7
 Disjunction              Tloc           0%         N/A       100%        8
 Ignition                 Fire           0%         3d3       100%        8
 Infestation              Necr           0%         N/A       100%        8
 Lehudib's Crystal Spear  Conj/Erth      0%         10d2      100%        8
 Dragon's Call            Summ           0%         N/A       100%        9
 Animate Armour           Summ/Erth      Unusable   N/A       N/A         4

Dungeon Overview and Level Annotations

Branches:
Dungeon (15/15)            Temple (1/1) D:5            Lair (5/5) D:8
  Swamp (4/4) Lair:2       Spider (4/4) Lair:2        Slime (0/5) Lair:5
    Orc (2/2) D:10            Elf (3/3) Orc:2        Vaults (5/5) D:14
  Crypt (3/3) Vaults:3       Tomb (0/3) Crypt:3      Depths (4/4) D:15
    Zot (5/5) Depths:4     Bailey (visited)           IceCv (visited)
Volcano (visited)          WizLab (visited)

Altars:
Ashenzari
Cheibriados
Dithmenos
Elyvilon
Fedhas
Gozag
Hepliaklqana
Kikubaaqudgha
Makhleb
Nemelex Xobeh
Okawaru
Qazlal
Ru
Sif Muna
Trog
Uskayaw
Vehumet
Wu Jian
Xom
Yredelemnul
Zin
The Shining One
Jiyva

Shops:
D:12 (   Orc:2 *([:   Elf:2 :   Elf:3 ::=:   Vaults:2 *(   Vaults:3 =
Vaults:5 !=(?

Portals:
Hell: Depths:1 Depths:2 Depths:3 Depths:4
Abyss: Depths:2 Depths:3
Pandemonium: Depths:2
Ziggurat: Depths:1

Annotations:
D:10 2 transporters
Swamp:2 1 runed translucent door
Swamp:4 2 transporters, Shayle's ghost, adept OgSh
Elf:2 5 runed translucent doors
Zot:5 3 runed translucent doors, Cemmere's ghost, veteran TrCK


Innate Abilities, Weirdness & Mutations

You are a creature with a mouth for a stomach.
Your midsection houses a second, enormous mouth.
You can spit globs of acid.
Your golden yellow scales are hard. (AC +13)
You cannot fit into any form of body armour.
You have acidic saliva.
You are cold-blooded and may be slowed by cold attacks.
You are resistant to acid. (rCorr)


Message History

You tail-slap the Orb Guardian, but do no damage.
Your bite misses the Orb Guardian.
The Orb Guardian is heavily wounded.
You block the Executioner's attack.
The Executioner completely misses you. x2
You closely miss the Orb Guardian.
You tail-slap the Orb Guardian, but do no damage.
The Orb Guardian is heavily wounded.
You block the Executioner's attack. The Executioner hits you.
You block the Executioner's attack. The Executioner misses you.
The Executioner completely misses you.
The Executioner hits you but does no damage.
The Orb Guardian completely misses you.
You pummel the Orb Guardian!! You tail-slap the Orb Guardian.
Your bite misses the Orb Guardian. You bite the Orb Guardian.
You kill the Orb Guardian!
The Council accepts your kill.
The Executioner hits you but does no damage.
The Executioner completely misses you. The Executioner closely misses you.
The Executioner completely misses you. The Executioner barely misses you.
The Executioner completely misses you.
You hit the Executioner. You bite the Executioner!
The Executioner is moderately wounded.
The Executioner completely misses you.
The Executioner hits you but does no damage.
You block the Executioner's attack. The Executioner completely misses you.
You block the Executioner's attack. The Executioner completely misses you.
You pummel the Executioner like a punching bag!!!
You kill the Executioner!
The Council accepts your kill.
There is an escape hatch in the ceiling here.
A mysterious force pulls you upwards. The hatch slams shut behind you.
HP restored.
There is an escape hatch in the ceiling here.
A mysterious force pulls you upwards. The hatch slams shut behind you.
There is an escape hatch in the ceiling here.
A mysterious force pulls you upwards. The hatch slams shut behind you.
There is an open door here.
There is an open door here.
There is a staircase leading out of the dungeon here.
You have escaped!

#################
#......#.#W.....#
#.###.##.###.##.#
#...............# #########
##.############## #.......#
#...#(......#...# #....)...
#.#.#####.#.#.### #........
#.#.......#...#.###........
#.#.#.#########.##.........
#.#.#........(#.##.........


There were no monsters in sight!

Vanquished Creatures
  3 orbs of fire
  2 ancient liches
  Sojobo (Crypt:3)
  Boris (twice) (Vaults:4 Crypt:3)
  Bai Suzhen (Elf:3)
  Vv (Depths:4)
  3 Killer Klowns (Zot:5)
  Margery (Crypt:2)
  3 curse toes
  Frederick (Crypt:2)
  the Lernaean hydra (Swamp:4)
  13 golden dragons
  2 profane servitors
  Norris (Vaults:4)
  A bone dragon (Crypt:3)
  3 electric golems
  A hellephant (Zot:3)
  12 tentacled monstrosities
  A walking crystal tome (Zot:2)
  Zenata (Elf:3)
  A moon troll (WizLab)
  24 Orb Guardians
  5 liches
  2 walking frostbound tomes (Zot:2)
  A walking earthen tome (Zot:2)
  4 deep elf master archers
  A walking divine tome (Depths:3)
  6 titans
  2 deep elf blademasters (Elf:3)
  7 sphinxes
  2 Executioners
  6 quicksilver dragons
  10 tentacled starspawn
  5 death cobs
  3 ancient champions (Crypt:2)
  4 tengu reavers
  2 thorn hunters (Swamp:4)
  Kirke (Elf:1)
  10 storm dragons
  4 fenstrider witches
  11 draconian monks
  9 shadow dragons
  Donald (Crypt:1)
  Aizul (Spider:2)
  9 frost giants
  12 fire giants
  6 draconian knights
  2 narguns (Zot:2)
  2 balrugs
  5 deep elf elementalists (Elf:3)
  9 draconian scorchers
  A caustic shrike zombie (Crypt:1)
  8 ghost moths
  3 iron dragons
  2 emperor scorpions
  4 curse skulls
  24 vault wardens
  10 deep elf sorcerers
  An angel (D:5)
  2 war gargoyles
  9 draconian stormcallers
  4 spriggan defenders (Depths:2)
  40 very ugly things
  4 orc warlords
  23 ghouls
  2 draconian shifters
  21 ironbound preservers
  2 cacodemons (WizLab)
  7 draconian annihilators
  8 broodmothers
  4 vampire knights
  3 formless jellyfish
  7 ironbound thunderhulks
  A reaper (Depths:1)
  A rockslime zombie (Crypt:2)
  A stone giant (shapeshifter) (Vaults:4)
  4 eleionomae
  17 stone giants
  12 black draconians
  10 green draconians
  7 deep elf demonologists
  7 deep elf annihilators
  4 dire elephants
  3 bunyips
  5 spark wasps
  12 white draconians
  10 yellow draconians
  14 red draconians
  11 purple draconians
  6 eidola
  12 ettins
  A quicksilver dragon zombie (Depths:3)
  The ghost of Newt the Cleaver, a journeyman DsGl of Makhleb (D:13)
  4 crystal guardians
  6 jiangshi
  Snorg (D:10)
  8 deep elf death magi
  6 entropy weavers
  A mummy priest (Crypt:3)
  14 great orbs of eyes
  2 fenstrider witch zombies
  12 yaktaur captains
  7 deep elf high priests
  4 spriggan zombies (Crypt:3)
  3 rakshasas
  8 fire dragons
  3 peacekeepers
  A great orb of eyes (shapeshifter) (Depths:3)
  46 vault guards
  21 hydras
  A hell beast (Depths:1)
  11 ice dragons
  A ghost crab (Swamp:4)
  7 ironbound frosthearts
  3 jorogumos (Spider:3)
  A catoblepas (Lair:3)
  3 spriggan air magi
  An anaconda (shapeshifter) (Vaults:1)
  2 ogre magi
  A bennu zombie (Crypt:1)
  19 centaur warriors
  A jorogumo (shapeshifter) (Vaults:5)
  4 death knights
  3 radroaches
  9 alligators
  2 tengu warriors (Depths:1)
  15 dancing weapons
  3 boulder beetles
  3 deep troll shamans
  6 deep troll earth magi
  A death scarab (Lair:2)
  14 two-headed ogres
  3 death yaks (IceCv)
  2 titan zombies (Crypt:1)
  4 hell hogs (Abyss:3)
  3 vampire magi
  4 thrashing horrors (Abyss:3)
  8 spriggan berserkers
  8 demonic crawlers
  4 orc high priests
  17 spriggans
  15 deep elf knights
  An emperor scorpion zombie (Crypt:2)
  8 hell knights
  A soul eater (Vaults:3)
  2 sun demons
  13 skeletal warriors
  4 wretched stars (Abyss:3)
  6 pharaoh ants
  An iron troll (Depths:1)
  5 skysharks
  7 goliath frogs
  A deep troll (shapeshifter) (Vaults:4)
  2 sun moths
  A quicksilver dragon simulacrum (Depths:1)
  10 glowing orange brains
  3 spriggan druids
  9 swamp dragons
  An orange crystal statue (WizLab)
  15 bog bodies
  36 deep trolls
  A shadow demon (D:10)
  5 flayed ghosts
  15 deep elf archers
  An anaconda skeleton (Crypt:2)
  A bunyip skeleton (Crypt:2)
  A spriggan simulacrum (Crypt:2)
  A steelbarb worm (shapeshifter) (Vaults:5)
  3 orb spiders
  17 phantasmal warriors
  11 orc knights
  14 lindwurms
  21 ironbound convokers
  12 necromancers
  2 sphinx simulacra (Depths:3)
  8 harpies
  6 steelbarb worms
  27 deep elf zephyrmancers
  A tengu zombie (Crypt:1)
  10 wizards
  36 deep elf pyromancers
  2 iron dragon zombies (Crypt:3)
  A stone giant zombie (Crypt:1)
  5 will-o-the-wisps
  35 wolf spiders
  45 ugly things
  A worldbinder (Abyss:2)
  A mana viper (Vaults:5)
  A manticore (D:12)
  6 orc sorcerers
  A shadow dragon skeleton (Crypt:2)
  A frost giant zombie (Depths:3)
  29 moths of wrath
  3 centaur zombies
  A goliath frog skeleton (Crypt:1)
  3 salamanders (Volcano)
  A naga zombie (Crypt:1)
  9 cyclopes
  24 vault sentinels
  An iron dragon skeleton (Depths:3)
  An elf zombie (Vaults:2)
  An ice statue (IceCv)
  8 black mambas
  5 smoke demons
  A shock serpent zombie (Crypt:1)
  2 centaur skeletons
  A guardian serpent (Lair:5)
  2 rust devils
  A water nymph (shapeshifter) (Depths:2)
  A naga mage (D:15)
  18 elephants
  An orange demon (Abyss:2)
  8 torpor snails
  A swamp worm zombie (Crypt:1)
  6 eyes of devastation
  2 dire elephant skeletons
  The ghost of thriggle the Martial Artist, a novice GnWn of Gozag (D:6)
  A rime drake (shapeshifter) (D:14)
  3 efreet
  13 cane toads
  15 komodo dragons
  2 unseen horrors
  A rime drake (Lair:4)
  A catoblepas zombie (Crypt:1)
  A green draconian zombie (Crypt:2)
  An orb spider zombie (Crypt:1)
  A tormentor (D:6)
  9 freezing wraiths
  2 ice devils
  24 yaktaurs
  A hydra zombie (Crypt:1)
  3 ancient zymes
  4 guardian mummies
  A yaktaur skeleton (Vaults:3)
  2 bloated husks
  34 tarantellas
  A polar bear (shapeshifter) (D:13)
  A queen bee (D:10)
  4 trolls
  5 tyrant leeches
  4 harpy zombies
  7 meliai
  2 hellwings (Abyss:3)
  14 polar bears
  3 raiju (Abyss:3)
  19 hornets
  Grinder (D:6)
  10 blink frogs
  3 harpy skeletons
  A snapping turtle (Spider:4)
  3 ettin zombies (Crypt:3)
  3 large abominations
  34 jumping spiders
  6 dream sheep
  A frost giant simulacrum (Vaults:3)
  4 air elementals
  A satyr skeleton (Crypt:1)
  12 slime creatures
  2 ynoxinuls (Abyss:3)
  25 culicivoras
  6 water elementals
  A vampire (D:10)
  3 shadows
  3 hogs (Elf:1)
  12 wraiths
  26 wyverns
  45 yaks
  7 fire bats (Volcano)
  Grum (Lair:1)
  4 fire elementals
  9 basilisks
  11 golden eyes
  A redback (shapeshifter) (Spider:4)
  A chaos spawn (Depths:2)
  4 neqoxecs
  5 steam dragons
  74 redbacks
  9 vampire mosquitoes
  A warg (shapeshifter) (Vaults:5)
  Menkaure (D:7)
  A water nymph zombie (Crypt:1)
  A glowing shapeshifter zombie (Crypt:1)
  4 wargs
  2 acid dragons
  22 swamp worms
  22 water moccasins
  Duvessa (D:7)
  A glowing shapeshifter skeleton (Vaults:2)
  2 ice beasts
  9 swamp drakes
  36 orc warriors
  2 sky beasts
  A black bear (D:4)
  12 ogres
  A centaur (shapeshifter) (Vaults:5)
  16 starcursed masses
  46 wolves
  3 boggarts (Vaults:1)
  4 centaurs
  2 phantoms
  A kobold brigand (D:8)
  7 bullfrogs
  4 human zombies
  A yaktaur zombie (Crypt:2)
  15 necrophages
  3 gnoll sergeants (D:6)
  3 scorpions
  7 earth elementals
  7 wyvern skeletons (Crypt:3)
  6 small abominations (Abyss:3)
  5 wights (D:10)
  Dowan (D:7)
  34 killer bees
  9 howler monkeys
  3 electric eels
  6 jellies
  A quasit (Abyss:3)
  4 hounds
  A gnoll bouda (D:6)
  Crazy Yiuf (D:2)
  12 orc priests
  An iguana (Lair:2)
  Jessica (D:3)
  A sleepcap (D:5)
  21 orc wizards
  Natasha (thrice) (D:4)
  A boggart zombie (D:15)
  10 hell rats
  Ijyb (D:3)
  A deep dwarf zombie (Crypt:2)
  A deep dwarf skeleton (Crypt:2)
  8 gnolls
  5 adders
  5 river rats (Lair:3)
  2 shadow imps (D:4)
  16 white imps
  3 ufetubi
  A lava snake skeleton (Crypt:1)
  4 worms
  5 dart slugs
  A dart slug (shapeshifter) (Vaults:5)
  83 orcs
  2 endoplasms
  2 giant cockroaches
  9 goblins
  9 hobgoblins
  3 jackals (D:2)
  21 kobolds
  5 quokkas
  4 ball pythons
  6 bats
  6 frilled lizards
  12 rats
  5 starspawn tentacles (WizLab)
2510 creatures vanquished.

Vanquished Creatures (collateral kills)
  An ettin (Orc:2)
  4 orc warriors (Orc:2)
  A scorpion (D:5)
  An orc wizard (Orc:2)
  2 orcs (Orc:2)
9 creatures vanquished.

Vanquished Creatures (others)
  Jorgrun (D:13)
  A storm dragon (Vaults:5)
  A fire giant (Depths:2)
  An orc warlord (Orc:2)
  2 orc knights (Orc:2)
  An orc sorcerer (Orc:2)
  An elephant (Lair:4)
  An air elemental (Elf:3)
  A steam dragon (Volcano)
  An acid dragon (D:8)
  4 orc warriors (Orc:2)
  2 swamp drakes (Swamp:4)
  A scorpion (D:5)
  A howler monkey (D:13)
  An orc wizard (Orc:2)
  2 orcs (Orc:2)
  12 foxfires
  A lurking horror (Abyss:3)
  16 starspawn tentacles
51 creatures vanquished.

Grand Total: 2570 creatures vanquished

Notes
Turn   | Place    | Note
-------+----------+-------------------------------------------
     0 | D:1      | questionabletactics the Draconian Shapeshifter began the
                  | quest for the Orb.
     0 | D:1      | Reached XP level 1. HP: 16/16 MP: 1/1
    72 | D:1      | Reached skill level 1 in Stealth
   320 | D:1      | Reached XP level 2. HP: 21/23 MP: 2/2
  1016 | D:2      | Reached XP level 3. HP: 25/28 MP: 3/3
  1098 | D:2      | You fall into a shaft and drop 2 floors!
  1106 | D:4      | Found a radiant altar of Vehumet.
  1225 | D:4      | Found a transporter.
  1515 | D:2      | Reached XP level 4. HP: 25/35 MP: 2/4
  1656 | D:2      | Found a runed translucent door.
  1657 | D:2      | Noticed Crazy Yiuf
  2238 | D:3      | Reached skill level 4 in Shapeshifting
  2249 | D:3      | Noticed Jessica
  2257 | D:3      | Killed Jessica
  2443 | D:3      | Found a glowing golden altar of the Shining One.
  2575 | D:3      | Noticed Ijyb
  2588 | D:3      | Killed Ijyb
  2589 | D:3      | Reached XP level 5. HP: 36/40 MP: 5/5
  2906 | D:3      | Reached skill level 1 in Evocations
  2958 | D:4      | Reached skill level 5 in Unarmed Combat
  3087 | D:4      | Found a transporter.
  3098 | D:4      | Noticed Natasha
  3111 | D:4      | Killed Natasha
  3112 | D:4      | Reached XP level 6. HP: 40/47 MP: 4/6
  3270 | D:4      | Reached skill level 5 in Shapeshifting
  3423 | D:4      | Noticed Natasha
  3430 | D:4      | Killed Natasha
  3495 | D:4      | Noticed Natasha
  3501 | D:4      | Killed Natasha
  3569 | D:4      | Found a broken altar of Ashenzari.
  3595 | D:5      | Entered Level 5 of the Dungeon
  3644 | D:5      | Your scales start taking on a golden yellow colour.
  3644 | D:5      | Reached XP level 7. HP: 51/52 MP: 5/7
  3644 | D:5      | Gained mutation: You are resistant to acid. (rCorr) [Yellow
                  | Draconian growth]
  3697 | D:5      | Found a staircase to the Ecumenical Temple.
  3724 | Temple   | Entered the Ecumenical Temple
  3732 | Temple   | Became a worshipper of the Wu Jian Council
  4094 | D:5      | Reached skill level 6 in Shapeshifting
  4598 | D:6      | Reached XP level 8. HP: 56/59 MP: 8/8
  4733 | D:6      | Found a transporter.
  4755 | D:6      | Identified the +8 trident "Quston" {venom, rPois}
  4755 | D:6      | Identified the +0 buckler "Leniwk" {+Inv Dex-4 Slay+2}
  4808 | D:6      | Reached * piety under Wu Jian
  4819 | D:6      | Reached skill level 7 in Shapeshifting
  4869 | D:6      | Noticed Grinder
  4883 | D:6      | Killed Grinder
  5583 | D:6      | Found a transporter.
  5636 | D:6      | Reached XP level 9. HP: 64/64 MP: 9/9
  5842 | D:7      | Noticed Menkaure
  6213 | D:7      | Killed Menkaure
  6319 | D:7      | Reached skill level 5 in Dodging
  6423 | D:7      | Found a sparkling altar of Nemelex Xobeh.
  6528 | D:7      | Noticed Dowan
  6843 | D:6      | Noticed thriggle's ghost (novice GnWn)
  6914 | D:7      | Killed Dowan
  6922 | D:7      | Noticed Duvessa
  6928 | D:7      | Killed Duvessa
  7287 | D:8      | Reached ** piety under Wu Jian
  7475 | D:8      | Reached skill level 5 in Fighting
  7592 | D:8      | Identified the ring of Gecez {rPois Str+9 SInv}
  7709 | D:8      | Reached skill level 10 in Unarmed Combat
  7926 | D:8      | Noticed a komodo dragon
  7932 | D:8      | Noticed a two-headed ogre
  7942 | D:8      | Killed a two-headed ogre
  7943 | D:8      | Reached XP level 10. HP: 73/83 MP: 8/10
  8449 | D:8      | Reached *** piety under Wu Jian
  8536 | D:9      | Found a flagged portal.
  8545 | Bailey   | Entered a bailey
  8554 | Bailey   | Noticed an orc warlord
  8650 | Bailey   | Reached skill level 1 in Shields
  8754 | Bailey   | Found a runed translucent gate.
  8759 | Bailey   | Found a runed translucent gate.
  8760 | Bailey   | Found a runed translucent gate.
  9047 | Bailey   | Killed an orc warlord
  9153 | Bailey   | Acquired a +1 pair of gloves of dexterity
  9786 | D:9      | Noticed a lindwurm
  9852 | D:9      | Noticed a lindwurm
 10007 | D:10     | Entered Level 10 of the Dungeon
 10016 | D:10     | Identified the +0 leather armour of Pan-Flutes {rCorr Dex+3
                  | Stlth+}
 10062 | D:10     | Found a basalt altar of Yredelemnul.
 10082 | D:10     | Found a staircase to the Orcish Mines.
 10121 | D:10     | Found a transporter.
 10328 | D:10     | Found a transporter.
 10491 | D:10     | Noticed Snorg
 10639 | D:8      | Reached **** piety under Wu Jian
 10649 | D:8      | Found a staircase to the Lair.
 10702 | Lair:1   | Entered Level 1 of the Lair of Beasts
 10702 | Lair:1   | Noticed Grum
 10703 | Lair:1   | Noticed a cane toad
 10704 | Lair:1   | Noticed a cane toad
 10718 | Lair:1   | Killed a cane toad
 10719 | Lair:1   | Reached XP level 11. HP: 88/92 MP: 9/11
 10729 | Lair:1   | Killed Grum
 11865 | Lair:2   | Found a dark tunnel.
 11870 | Volcano  | Entered a volcano
 12759 | Volcano  | Noticed a two-headed ogre
 12775 | Volcano  | Killed a two-headed ogre
 12997 | Volcano  | Noticed a fire dragon
 13013 | Volcano  | Killed a fire dragon
 13014 | Volcano  | Reached XP level 12. HP: 105/105 MP: 8/12
 13280 | Volcano  | Reached skill level 10 in Dodging
 13748 | Lair:2   | Reached skill level 10 in Fighting
 13795 | Lair:2   | You fall into a shaft and drop 2 floors!
 13821 | Lair:4   | Found a frozen archway.
 13854 | Lair:4   | Reached ***** piety under Wu Jian
 13891 | IceCv    | Entered an ice cave
 14148 | IceCv    | Identified the staff "Dicis" {rF- Int+3 Dex+2 Earth}
 14943 | IceCv    | Noticed a death yak
 14943 | IceCv    | Noticed a death yak
 14943 | IceCv    | Noticed an ironbound frostheart
 14943 | IceCv    | Noticed an ironbound frostheart
 14944 | IceCv    | Noticed a death yak
 14963 | IceCv    | Killed a death yak
 15125 | IceCv    | Killed an ironbound frostheart
 15126 | IceCv    | Reached XP level 13. HP: 96/116 MP: 10/13
 16693 | Lair:4   | Reached skill level 8 in Shapeshifting
 17043 | Lair:4   | Reached ****** piety under Wu Jian
 17498 | Lair:3   | Reached skill level 15 in Unarmed Combat
 17719 | Lair:3   | Reached skill level 9 in Shapeshifting
 19017 | Lair:2   | Found a staircase to the Swamp.
 19105 | Lair:2   | Gained mutation: You have acidic saliva. [Yellow Draconian
                  | growth]
 19105 | Lair:2   | Reached XP level 14. HP: 90/125 MP: 9/14
 19318 | Lair:2   | Found a hole to the Spider Nest.
 19454 | Lair:2   | Reached skill level 10 in Shapeshifting
 19933 | Lair:5   | Entered Level 5 of the Lair of Beasts
 20917 | Lair:5   | Reached skill level 11 in Shapeshifting
 21366 | Lair:5   | Found a staircase to the Slime Pits.
 21366 | Lair:5   | Found a viscous altar of Jiyva.
 22565 | D:11     | Identified the +1 robe of the Original Sin {Stlth+}
 22822 | D:11     | Reached skill level 12 in Shapeshifting
 22868 | D:11     | Identified the +8 spear of Change {vamp, rPois rC++ Str-4}
 22975 | D:11     | Found a sacrificial altar of Ru.
 23692 | D:12     | Found Waumull's Antique Weapon Shoppe.
 24934 | D:13     | Found a transporter.
 24936 | D:13     | Found a transporter.
 24937 | D:13     | Noticed Newt's ghost (journeyman DsGl)
 24937 | D:13     | Identified the +9 dire flail of the Three Teeth {venom,
                  | rCorr Str-2 Int+7 Stlth+}
 24937 | D:13     | Identified the +2 dire flail of the Disturbing Artists
                  | {vamp, rC+ Int+2 SInv Stlth-}
 25011 | D:13     | Noticed Jorgrun
 25092 | D:13     | Killed Jorgrun
 25093 | D:13     | Reached skill level 13 in Shapeshifting
 25093 | D:13     | Reached XP level 15. HP: 98/135 MP: 13/15
 25744 | Orc:1    | Entered Level 1 of the Orcish Mines
 26413 | Orc:2    | Entered Level 2 of the Orcish Mines
 26549 | Orc:2    | Found Dorac's Antique Weapon Emporium.
 26657 | Orc:2    | Found a staircase to the Elven Halls.
 26853 | Orc:2    | Noticed Sonja
 26854 | Orc:2    | Sonja changed into Sonja the golden eye
 26854 | Orc:2    | Noticed Sonja
 26860 | Orc:2    | Killed Sonja the golden eye
 26899 | Orc:2    | Found Ukubutte's General Store.
 27057 | Orc:2    | Reached skill level 14 in Shapeshifting
 27270 | Orc:2    | Found Tirch's Book Boutique.
 27316 | Orc:2    | Found Ziby's Antique Armour Emporium.
 27324 | Orc:2    | Bought a runed hat for 196 gold pieces
 27324 | Orc:2    | Bought a pair of heavily runed boots for 266 gold pieces
 27324 | Orc:2    | Identified the +0 pair of boots "Zerrakug" {rCorr Int+2}
                  | (You bought it in a shop on level 2 of the Orcish Mines)
 28392 | D:14     | Reached skill level 15 in Shapeshifting
 28575 | D:14     | Found a gate to the Vaults.
 28799 | D:14     | Got Ts'ui PĂȘn's Folio of Forking Paths
 29524 | D:15     | Entered Level 15 of the Dungeon
 29679 | D:15     | Found a staircase to the Depths.
 30212 | Abyss:2  | Cast into level 2 of the Abyss (a wizard)
 30346 | Abyss:3  | Found a corrupted altar of Lugonu.
 30347 | Abyss:3  | Found a corrupted altar of Lugonu.
 30347 | Abyss:3  | Found a corrupted altar of Lugonu.
 30477 | Abyss:3  | Found a corrupted altar of Lugonu.
 30496 | Abyss:3  | Found a candlelit altar of Ignis.
 30539 | Abyss:3  | Found a corrupted altar of Lugonu.
 30575 | Abyss:3  | Found a candlelit altar of Ignis.
 30842 | Abyss:3  | Reached XP level 16. HP: 136/143 MP: 16/16
 30868 | Abyss:3  | Found a corrupted altar of Lugonu.
 30915 | Abyss:3  | Reached skill level 5 in Stealth
 30985 | D:15     | Escaped the Abyss
 31630 | D:2      | Killed Crazy Yiuf
 31981 | D:6      | Killed thriggle's ghost
 32212 | D:10     | Killed Snorg
 32457 | D:13     | Killed Newt's ghost
 32886 | Spider:1 | Entered Level 1 of the Spider Nest
 33546 | Spider:1 | Reached skill level 15 in Dodging
 34433 | Spider:2 | Reached skill level 15 in Fighting
 34787 | Spider:2 | Reached XP level 17. HP: 156/156 MP: 17/17
 34973 | Spider:2 | Noticed Aizul
 34986 | Spider:2 | Killed Aizul
 37164 | Spider:4 | Entered Level 4 of the Spider Nest
 38422 | Spider:4 | Found the +3 pair of gauntlets of War {Slay+5}
 38426 | Spider:4 | Got a gossamer rune of Zot
 38612 | Spider:4 | Upgraded the game from 0.31-a0-765-g67fe2935dc to
                  | 0.31-a0-771-g505c3d19dc
 38740 | Swamp:1  | Entered Level 1 of the Swamp
 39145 | Swamp:1  | Reached XP level 18. HP: 162/163 MP: 18/18
 39285 | Swamp:1  | Found Ryov's Island Escapes.
 39405 | Swamp:2  | Reached skill level 16 in Shapeshifting
 39657 | Swamp:2  | Identified the +7 arbalest of Light {elec, Fly rC+ rCorr
                  | Str+2}
 39799 | Swamp:2  | Found a runed translucent door.
 40483 | Swamp:3  | Reached skill level 17 in Shapeshifting
 41081 | Swamp:4  | Entered Level 4 of the Swamp
 41467 | Swamp:4  | Found a transporter.
 41484 | Swamp:4  | Noticed Shayle's ghost (adept OgSh)
 41541 | Swamp:4  | Reached skill level 5 in Evocations
 41662 | Swamp:4  | Noticed the 27-headed Lernaean hydra
 41682 | Swamp:4  | Killed the 27-headed Lernaean hydra
 41710 | Swamp:4  | Got a decaying rune of Zot
 41905 | Swamp:4  | Found a transporter.
 42424 | Vaults:1 | Entered Level 1 of the Vaults
 42763 | Vaults:1 | Reached XP level 19. HP: 170/170 MP: 19/19
 42847 | Abyss:3  | Cast into level 3 of the Abyss (a wizard)
 43074 | Vaults:1 | Escaped the Abyss
 43535 | Vaults:1 | Found the +18 shield of the Gong {Loud rN+ Will+ rCorr
                  | EV-5}
 45191 | Vaults:2 | Found Piexkiargh's General Store.
 45620 | Vaults:2 | Found Pebryxai's Weapon Boutique.
 45789 | Vaults:3 | Found a staircase to the Crypt.
 45948 | Vaults:3 | Reached XP level 20. HP: 171/178 MP: 20/20
 46681 | Vaults:3 | Found Ruhic's Jewellery Shoppe.
 46688 | Vaults:3 | Bought a dragon-blood talisman for 1680 gold pieces
 46731 | Vaults:3 | Reached skill level 18 in Shapeshifting
 47052 | Vaults:4 | Noticed Boris
 47067 | Vaults:4 | Killed Boris
 47094 | Vaults:4 | Found a magical portal.
 47099 | WizLab   | Entered Lehudib's Moon Base
 47185 | WizLab   | Found a transporter.
 47318 | WizLab   | Reached skill level 19 in Shapeshifting
 48162 | WizLab   | Found a transporter.
 48280 | WizLab   | Identified the ring "Ohoemiod" {Ice rElec Will+ Int+2
                  | Stlth-}
 48615 | WizLab   | Got moldy
 48649 | WizLab   | Identified the staff "Guytz" {rElec rCorr Dex+5 Air}
 48652 | WizLab   | Identified the ring of Kanamio {rC+ rCorr Str+7}
 48800 | Vaults:4 | Noticed Norris
 48885 | Vaults:4 | Killed Norris
 48886 | Vaults:4 | Reached skill level 20 in Shapeshifting
 48962 | Vaults:4 | Reached XP level 21. HP: 188/188 MP: 21/21
 49531 | Vaults:4 | Reached skill level 21 in Shapeshifting
 49794 | Vaults:4 | Identified the +6 lajatang of Qazlal's Benevolence {pain,
                  | Will+ Stlth+}
 50065 | Vaults:3 | Bought a ring of protection from fire for 525 gold pieces
 50354 | Elf:1    | Entered Level 1 of the Elven Halls
 50943 | Elf:1    | Reached skill level 22 in Shapeshifting
 51090 | Elf:1    | Noticed Kirke
 51099 | Elf:1    | Killed Kirke
 52060 | Elf:2    | Found a huge runed translucent gate.
 52060 | Elf:2    | Found a huge runed translucent gate.
 52060 | Elf:2    | Found a huge runed translucent gate.
 52060 | Elf:2    | Found a huge runed translucent gate.
 52062 | Elf:2    | Found a huge runed translucent gate.
 52170 | Elf:2    | Found Ygguh's One-of-a-Kind Books.
 52383 | Elf:3    | Entered Level 3 of the Elven Halls
 52421 | Elf:3    | Found Tes Ene's Book Boutique.
 52421 | Elf:3    | Found Irunic's Jewellery Shoppe.
 52422 | Elf:3    | Found Muonkog's Book Boutique.
 52591 | Elf:3    | Found a flickering gateway to a bazaar.
 52599 | Bazaar   | Entered a bazaar
 52599 | Bazaar   | Found Taduat's Book Shoppe.
 52604 | Bazaar   | Found Faowk's Magic Scroll Shop.
 52622 | Bazaar   | Found Uruet's Jewellery Shoppe.
 52626 | Bazaar   | Found Simpoz's Magic Scroll Shoppe.
 52635 | Bazaar   | Found Titaciy's Magic Scroll Shop.
 52665 | Bazaar   | Bought a scroll of revelation for 127 gold pieces
 52665 | Bazaar   | Bought a scroll of teleportation for 51 gold pieces
 52665 | Bazaar   | Bought a scroll of silence for 161 gold pieces
 52670 | Bazaar   | Bought a scroll of teleportation for 51 gold pieces
 52670 | Bazaar   | Bought a scroll of fog for 68 gold pieces
 52696 | Bazaar   | Bought a scroll of enchant armour for 105 gold pieces
 52848 | Elf:3    | Noticed Bai Suzhen
 52857 | Elf:3    | Paralysed by an air elemental for 1 turns
 52861 | Elf:3    | Killed Bai Suzhen
 53274 | Elf:3    | Noticed Zenata
 53283 | Elf:3    | Killed Zenata
 53373 | Elf:3    | Reached XP level 22. HP: 195/195 MP: 22/22
 53375 | Elf:3    | Reached skill level 23 in Shapeshifting
 53508 | Elf:3    | Found Hybiw's Self-Improvement Boutique.
 53514 | Elf:3    | Bought a manual of Fighting for 800 gold pieces
 53582 | Elf:3    | Identified the ring of Zacvauw {rN+ rCorr Str+6 Dex-5 SInv}
 54420 | Elf:3    | Identified the +1 ring mail of the Unicorn {Stlth+}
 54846 | Elf:3    | Identified the staff of the Mouth {rElec rPois Dex+6
                  | Poison}
 55572 | Depths:1 | Entered Level 1 of the Depths
 55723 | Depths:1 | Found an iron altar of Okawaru.
 55945 | Depths:1 | Found a one-way gateway to a ziggurat.
 56514 | Depths:1 | Found a gateway to Hell.
 56825 | Depths:1 | Found a shimmering blue altar of Sif Muna.
 56948 | Depths:2 | Found a one-way gate to the infinite horrors of the Abyss.
 57083 | Depths:2 | Found a one-way gate leading to the halls of Pandemonium.
 57838 | Depths:2 | Noticed a golden dragon
 57863 | Depths:2 | Killed a golden dragon
 58266 | Depths:2 | Identified the +5 spear "Ileq" {flame, rN+ rCorr Int+2}
 58267 | Depths:2 | Identified the staff of Attainder {rPois Dex+4 Poison}
 58318 | Depths:2 | Found the macabre finger necklace {Finger+ rN+}
 58323 | Depths:2 | Identified the +3 ring mail of Restlessness {rElec Regen+}
 58328 | Depths:2 | Identified the ring of Nunicsag {Fly Int+4 Dex+3 SInv}
 58333 | Depths:2 | Identified the amulet of Thoughtfulness {RegenMP rN+ Will+
                  | Slay+2}
 58336 | Depths:2 | Got a glossy
 59233 | Depths:2 | Reached XP level 23. HP: 139/223 MP: 23/23
 59851 | Depths:3 | Reached skill level 5 in Shields
 60646 | Depths:3 | Acquired 887 gold pieces
 60951 | Depths:4 | Entered Level 4 of the Depths
 61042 | Depths:4 | Noticed Vv
 61075 | Depths:4 | Killed Vv
 61229 | Depths:4 | Acquired 422 gold pieces
 61332 | Depths:4 | Found a gate to the Realm of Zot.
 62039 | Crypt:1  | Entered Level 1 of the Crypt
 62100 | Crypt:1  | Noticed Donald
 62107 | Crypt:1  | Killed Donald
 62338 | Crypt:1  | Found an ancient bone altar of Kikubaaqudgha.
 63302 | Crypt:2  | Reached skill level 10 in Shields
 63728 | Crypt:2  | Noticed Margery
 63737 | Crypt:2  | Killed Margery
 63738 | Crypt:2  | Reached XP level 24. HP: 231/231 MP: 23/23
 63754 | Crypt:2  | Noticed Frederick
 63773 | Crypt:2  | Killed Frederick
 64056 | Crypt:3  | Entered Level 3 of the Crypt
 64405 | Crypt:3  | Noticed Sojobo
 64416 | Crypt:3  | Killed Sojobo
 64423 | Crypt:3  | Noticed Boris
 64432 | Crypt:3  | Killed Boris
 64433 | Crypt:3  | Reached skill level 24 in Shapeshifting
 64783 | Crypt:3  | Found a staircase to the Tomb.
 65287 | Crypt:3  | Found a basalt altar of Yredelemnul.
 65506 | Crypt:3  | Found the -2 hat of the Alchemist {rElec rPois rF+ rC+ rN+
                  | Will+ rMut rCorr}
 65634 | Crypt:3  | Got a mumbling
 66183 | Crypt:3  | Identified the amulet "Olugouto" {Regen+ Dex+3 Stlth+}
 66487 | Vaults:5 | Entered Level 5 of the Vaults
 66883 | Vaults:5 | Identified the +6 trident "Draconian's Foe" {drain, rPois
                  | Str+4 SInv Stlth-}
 66900 | Vaults:5 | Reached skill level 25 in Shapeshifting
 66915 | Vaults:5 | Identified the +8 chain mail of the Doldrums {rPois rN++
                  | Slay+2}
 66936 | Vaults:5 | Reached XP level 25. HP: 123/238 MP: 23/23
 67237 | Vaults:5 | Found Deqoyhakh's Magic Scroll Shoppe.
 67242 | Vaults:5 | Bought a scroll of blinking for 142 gold pieces
 67244 | Vaults:5 | Found Fakhliwk's Antique Weapon Boutique.
 67361 | Vaults:5 | Identified the +2 pair of gloves of Apathy {Harm *Corrode
                  | rC+ Str+3}
 67364 | Vaults:5 | Got a silver rune of Zot
 67547 | Vaults:5 | Noticed an ancient lich
 67566 | Vaults:5 | Killed an ancient lich
 67599 | Vaults:5 | Identified the +6 scale mail "Imaed" {Fly rCorr Str+3
                  | Int+2}
 67837 | Vaults:5 | Found Ofucw's Jewellery Shoppe.
 67838 | Vaults:5 | Found Lofiq's Distillery.
 67845 | Vaults:5 | Bought a potion of haste for 140 gold pieces
 68642 | Zot:1    | Entered Level 1 of the Realm of Zot
 68712 | Zot:1    | Identified the +2 orcbow of the Throat {heavy, rElec rC+
                  | rN+ Int-5}
 69982 | Zot:1    | Found a glowing golden altar of the Shining One.
 70033 | Zot:1    | Got a parchment
 70113 | Zot:1    | Got loosely-bound
 71814 | Zot:2    | Reached XP level 26. HP: 217/246 MP: 23/23
 72220 | Zot:3    | Noticed an orb of fire
 72239 | Zot:3    | Killed an orb of fire
 72912 | Zot:4    | Acquired the ring "Nesudwyx" {Will+ Int+2 Slay+4}
 73681 | Zot:5    | Entered Level 5 of the Realm of Zot
 73720 | Zot:5    | Reached skill level 26 in Shapeshifting
 73759 | Zot:5    | Found a runed translucent gate.
 73759 | Zot:5    | Found a runed translucent gate.
 73759 | Zot:5    | Found a runed translucent gate.
 73762 | Zot:5    | Noticed Cemmere's ghost (veteran TrCK)
 74385 | Zot:5    | Noticed an orb of fire
 74397 | Zot:5    | Killed an orb of fire
 74501 | Zot:5    | Reached skill level 27 in Shapeshifting
 74697 | Zot:5    | Noticed an orb of fire
 74715 | Zot:5    | Killed an orb of fire
 74846 | Zot:5    | Noticed an ancient lich
 74850 | Zot:5    | Killed an ancient lich
 74955 | Zot:5    | Got the Orb of Zot
 75268 | Depths:2 | Reached XP level 27. HP: 258/258 MP: 23/23
 75538 | D:6      | Noticed a seraph
 75740 | D:$      | Escaped with the Orb!

Illustrated notes

Levels and vault maps discovered:
D:1:      onia_arrival_mini_maze, layout_basic, st_stairs_4,
          nicolae_hexahallways
D:2:      layout_loops_ring, minmay_pentomino_q4, uniq_crazy_yiuf_cottage
D:3:      layout_loops_ring, nicolae_overflow_crystal_walls, uniq_ijyb,
          uniq_jessica
D:4:      gammafunk_wand_slinger, layout_cave_pools, mainiacjoe_overflow_swirl,
          uniq_natasha
D:5:      layout_gridville, minmay_temple_entry_glass, minmay_circle_x
D:6:      layout_basic, gammafunk_ghost_gnarly_gnolls, uniq_grinder
D:7:      layout_cave_pools, nemelex_spade_bored_becter, minmay_misc_feat_tiny,
          uniq_menkaure, uniq_duvessa
D:8:      layout_basic, erik_lair_dragon, hangedman_decor_push
D:9:      layout_long_grid, enter_bailey_8, minmay_lindwurm_lava
D:10:     layout_roguey [special_room_bee], mainiacjoe_overflow_six_doors_small,
          orc_0_dummy, nicolae_diode_stairs, uniq_snorg
D:11:     layout_basic, nicolae_ru_awakened_eye
D:12:     layout_basic, serial_shops, shop
D:13:     layout_loops_corners, gammafunk_ghost_smash, nicolae_water_bricks,
          uniq_jorgrun
D:14:     layout_layer_cave, hellmonk_vaults_order_and_chaos,
          hangedman_decor_points, bh_hangedman_babel_library
D:15:     grunt_enter_depths_magical_seal, layout_loops_ring,
          kennysheep_pointless_box
Temple:   bh_familiar_temple
Lair:1:   layout_cave_shapes, uniq_grum
Lair:2:   layout_regular_city, palyth_hydra_swamp_entry,
          nicolae_spider_entry_lesser_pyramids,
          lightli_volcano_entry_magma_tube, disabler_island
Lair:3:   hellmonk_destroyed_diamonds, layout_long_grid, st_stairs_8,
          kennysheep_abandoned_house
Lair:4:   layout_cave_pods, portal_ice_cave_entry_imps
Lair:5:   hangedman_lair_tendril_chambers, layout_cave_shapes, slime_entry_1
Swamp:1:  layout_basic_swamp, serial_swamp_ruin, evilmike_swamp_ruin_rubble_2,
          evilmike_swamp_ruin_house_5, swamp_pool5, nicolae_island_escapes
Swamp:2:  layout_falls_marsh, nicolae_swamp_tree_isthmus, swamp_pool1,
          nzn_swamp_weyward_sisters
Swamp:3:  layout_basic_swamp, infiniplex_staircase_pool
Swamp:4:  grunt_swamp_rune_castle, layout_basic_swamp,
          gammafunk_ghost_wrathful_warriors, swamp_pool3
Spider:1: layout_spider_delve
Spider:2: layout_chambers, special_room, uniq_aizul
Spider:3: layout_chambers
Spider:4: hellmonk_spider_rune_endless_swarm
Orc:1:    layout_diamond_mine
Orc:2:    grunt_orc_gardens, layout_caves, grunt_orc_garden, grunt_orc_garden,
          grunt_orc_garden, grunt_orc_garden, uniq_sonja
Elf:1:    elf_arrival_001, layout_geoelf_grid, minivault_28, uniq_kirke
Elf:2:    elven_hall_of_blades_hangedman_alternative [nicolae_blade_tridents],
          layout_onion_city, nicolae_rare_books, guppyfry_elf_garden
Elf:3:    minmay_elf_hall_statues, layout_geoelf_octagon, serial_shops,
          bzr_firewalk, nicolae_shop_self_help, minmay_shop_grove, uniq_zenata,
          uniq_bai_suzhen
Vaults:1: v_rooms_1, nicolae_vaults_tetromino_L_1,
          nicolae_vaults_closet_pinwheel_5, v_misc_29,
          hellmonk_guarded_unrand_gong, nicolae_vaults_house_3,
          nicolae_vaults_angled_halls, hangedman_vaults_impose,
          nicolae_vaults_closet_pinwheel_2, nicolae_vaults_tangram_1, v_misc_14,
          vaults_room_grunt_arrival_checkpoint, nicolae_vaults_apartment_2,
          dpeg_vaults_monster_row, layout_vaults_omnicross
Vaults:2: nicolae_vaults_network_periphery, nicolae_vaults_little_squares_4,
          nicolae_vaults_offset_grid_hallway_2,
          nicolae_vaults_closet_pinwheel_1, ontoclasm_vaults_eye,
          nicolae_vaults_taking_the_gang_shopping, nicolae_vaults_octothorpe,
          layout_vaults_omnigrid, serial_shops, nicolae_shop_back_alley_shop
Vaults:3: nicolae_vaults_quartermaster, minmay_crypt_entry_simple_corners,
          nicolae_vaults_prndl, v_misc_9, nicolae_vaults_tetromino_L_2,
          v_rooms_6, vaults_mumra_minichess, nicolae_vaults_house_2, v_rooms_2,
          v_misc_31, layout_vaults_maze, serial_shops, nicolae_shop_statue_plus
Vaults:4: mu_enter_wizlab_2, v_misc_17, hangedman_vaults_pinch,
          nicolae_vaults_network_barrier, nicolae_vaults_house_3,
          nicolae_vaults_meeting, nicolae_vaults_weapon_check,
          grunt_vaults_funnel, dpeg_vaults_monster_box, vaults_room_fours,
          vaults_room_door_ring, layout_vaults_ring, uniq_boris, uniq_norris
Vaults:5
Crypt:1:  layout_gridlike, minmay_misc_feat_alley, columned_hall_lemuel,
          st_stairs_7, lemuel_mausoleum_altar_kikubaaqudgha, uniq_donald
Crypt:2:  layout_basic, minmay_misc_feat_five, uniq_frederick, uniq_margery
Crypt:3:  evilmike_haunted_forest, uniq_sojobo
Depths:1: layout_honeycomb, enter_ziggurat_c, lemuel_blue_sif_altar,
          grunt_mini_vestibule, minmay_strange_pillars, okawaru_gym_becter
Depths:2: little_maze_vault, layout_honeycomb, grunt_decor_cap, abyss_entry,
          rand_demon_pan_entry_9, hell_entry, minmay_statues_item,
          amcnicky_mini_pool_small, minmay_staircase_bubble
Depths:3: minmay_the_grid_octo_triangle [minmay_the_grid_octo_empty,
          minmay_the_grid_octo_prize_single_spiral,
          minmay_the_grid_octo_thin_diamonds], layout_gridlike,
          hangedman_geh_valley, hangedman_abyss_entry_splay, serial_sigils,
          serial_sigils_hangedman_carve, serial_sigils_hangedman_scratch,
          serial_sigils_hangedman_snap, serial_sigils_hangedman_quiver
Depths:4: grunt_zot_entry_tricorne, layout_basic, abandoned_shop, hell_entry,
          abandoned_shop, serial_bayou_shore_a, uniq_vv
Zot:1:    nicolae_zot_draconian_monastery, layout_basic, uniq_grunn
Zot:2:    nicolae_zot_stationary_front, layout_twisted_circle,
          nicolae_rock_paper_scissors
Zot:3:    layout_misc_corridors
Zot:4:    layout_gridlike, grunt_megastairs_3
Zot:5:    layout_onion, ebering_ghost_rock_garden

Skill      XL: |  1  2  3  4  5  6  7  8  9 10 11 12 13 14 15 16 17 18 19 20 21 22 23 24 25 26 |
---------------+-------------------------------------------------------------------------------+-----
Stealth        | 1 4 6 |  6.2
Unarmed Combat | 4 5 7 8 10 11 12 13 15 18 19 20 22 | 22.6
Shapeshifting  | 4 5 6 7 9 13 15 17 20 22 23 25 27 | 27.0
Evocations     | 1 3 8 |  8.6
Dodging        | 4 5 7 9 11 12 13 15 20 21 23 | 23.6
Fighting       | 6 7 9 11 13 15 16 22 23 | 23.3
Shields        | 1 3 10 12 | 12.2

Action                     |  1- 3 |  4- 6 |  7- 9 | 10-12 | 13-15 | 16-18 | 19-21 | 22-24 | 25-27 || total
---------------------------+-------+-------+-------+-------+-------+-------+-------+-------+-------++-------
  Melee: Unarmed           |   120 |    92 |   275 |   673 |  1567 |  1350 |  1262 |  1559 |   930 ||  7828
         Tailslap          |     9 |    15 |    30 |   112 |   286 |   277 |   332 |   389 |   225 ||  1675
         Punch             |     4 |     3 |    19 |     4 |    34 |     6 |       |    18 |    27 ||   115
         Bite              |       |       |       |       |   151 |   186 |   264 |   288 |   210 ||  1099
         Maw               |       |       |       |       |       |   520 |   527 |   549 |   267 ||  1863
  Throw: Dart              |       |       |       |       |       |       |     1 |     2 |       ||     3
 Invoke: Serpent's Lash    |       |       |       |       |       |       |     1 |       |       ||     1
Ability: Begin Untransform |       |     1 |       |     2 |       |       |       |       |       ||     3
         Lunge             |       |       |    26 |    28 |    77 |    98 |   119 |   119 |    84 ||   551
         Breathe Acid      |       |       |    15 |    22 |    40 |     6 |     1 |     1 |       ||    85
         Whirlwind         |       |       |     1 |     8 |    34 |    37 |    19 |    13 |    11 ||   123
  Evoke: Wand              |       |     7 |    10 |    19 |    19 |    17 |     2 |     2 |     8 ||    84
    Use: Scroll            |       |     5 |     7 |    14 |    14 |     4 |     3 |     7 |     5 ||    59
         Potion            |       |       |     2 |     6 |     3 |     5 |     4 |     5 |     4 ||    29
   Stab: Sleeping          |     1 |     4 |     2 |     1 |     9 |    30 |    39 |    27 |     9 ||   122
         Confused          |       |       |       |     2 |       |       |       |       |       ||     2
         Distracted        |       |       |       |     2 |     1 |     9 |     8 |     2 |     7 ||    29
         Invisible         |       |       |       |     1 |    12 |       |     6 |     4 |       ||    23
         Fleeing           |       |       |       |       |     1 |       |       |       |       ||     1
 Armour: Skin              |    54 |    40 |   114 |   271 |   661 |   636 |   294 |   512 |   325 ||  2907
  Dodge: Dodged            |    65 |    48 |   133 |   380 |  1244 |  1086 |   612 |  1105 |   716 ||  5389
  Block: Buckler           |       |       |       |   112 |   299 |   606 |   371 |   285 |       ||  1673
         Other             |       |       |       |       |       |     5 |       |       |       ||     5
         Reflection        |       |       |       |       |       |     7 |    40 |    13 |    15 ||    75
         Kite shield       |       |       |       |       |       |       |       |   264 |   350 ||   614
   Form: Beast             |       |     1 |       |     1 |       |       |       |       |       ||     2
         Blade             |       |       |       |       |     1 |       |       |     1 |     2 ||     4
         Maw               |       |       |       |       |       |     1 |       |       |     2 ||     3
         Statue            |       |       |       |       |       |       |       |     2 |       ||     2
         Dragon            |       |       |       |       |       |       |       |     1 |       ||     1

Table legend: (Time is in decaauts)
 A = Elapsed time spent in this place.
 B = Non-inter-level travel time spent in this place.
 C = Inter-level travel time spent in this place.
 D = Time resting spent in this place.
 E = Time spent auto-exploring this place.
 F = Levels seen in this place.
 G = Mean time per level.
                   A        B        C        D        E       F      G
               +--------+--------+--------+--------+--------+-----+--------+
         Total |  74935 |  69175 |   5760 |  14058 |  36523 |  59 | 1270.1 |
       Dungeon |  19227 |  16202 |   3025 |   2338 |  10365 |  15 | 1281.8 |
        Temple |     15 |      9 |      6 |      0 |      0 |   1 |   15.0 |
          Lair |   8113 |   7446 |    667 |   2093 |   3405 |   5 | 1622.6 |
         Swamp |   3279 |   3155 |    124 |    684 |   1621 |   4 |  819.8 |
   Spider Nest |   5312 |   5137 |    175 |   1161 |   2454 |   4 | 1328.0 |
  Orcish Mines |   1870 |   1651 |    219 |    186 |   1011 |   2 |  935.0 |
   Elven Halls |   4814 |   4630 |    184 |   1510 |   1768 |   3 | 1604.7 |
        Vaults |   8776 |   8138 |    638 |    864 |   4914 |   5 | 1755.2 |
         Crypt |   4166 |   4053 |    113 |    889 |   2304 |   3 | 1388.7 |
        Depths |   6341 |   5869 |    472 |    871 |   3850 |   4 | 1585.2 |
           Zot |   6276 |   6143 |    133 |   1425 |   3376 |   5 | 1255.2 |
         Abyss |    958 |    958 |      0 |    185 |      0 |   3 |  319.3 |
        Bazaar |    129 |    129 |      0 |      0 |     47 |   1 |  129.0 |
        Bailey |    639 |    639 |      0 |      6 |     78 |   1 |  639.0 |
      Ice Cave |   1885 |   1885 |      0 |    794 |    384 |   1 | 1885.0 |
       Volcano |   1590 |   1590 |      0 |    721 |    296 |   1 | 1590.0 |
        Wizlab |   1537 |   1537 |      0 |    328 |    647 |   1 | 1537.0 |
               +--------+--------+--------+--------+--------+-----+--------+

Top non-repeatable levels by time:
   Elf:3: 2729 daAuts
Depths:2: 2693 daAuts
  Lair:4: 2428 daAuts
Vaults:5: 2324 daAuts
     D:6: 2197 daAuts
 Crypt:3: 2188 daAuts
    D:14: 2158 daAuts
  Lair:2: 2085 daAuts
   IceCv: 1885 daAuts
Vaults:4: 1861 daAuts
Spider:2: 1821 daAuts
Spider:3: 1761 daAuts
   Zot:1: 1741 daAuts
Vaults:1: 1693 daAuts
     D:8: 1675 daAuts
